 Dungeon Crawl Stone Soup version 0.30-a0-57-g8b159a9891 (webtiles) character file.

Game seed: 3655279479758980219

73 Decritt the Trooper (level 4, -5/29 HPs)
             Began as a Gargoyle Fighter on Sept 11, 2022.
             Slain by Sigmund
             ... wielding a +0 scythe
              (7 damage)
             ... on level 3 of the Dungeon.
             The game lasted 00:07:12 (2505 turns).

Decritt the Trooper (Gargoyle Fighter)              Turns: 2505, Time: 00:07:12

Health: -5/29      AC: 18    Str: 22    XL:     4   Next: 27%
Magic:  4/4        EV:  8    Int:  8    God:
Gold:   115        SH:  9    Dex: 13    Spells: 3/3 levels left

rFire   . . .      SeeInvis .    a - +0 flail
rCold   . . .      Faith    .    e - +0 kite shield
rNeg    + + +      Spirit   .    p - +6 scale mail "Weush" {-Cast Fly rN++ Dex+4}
rPois   ∞          Reflect  .    (no helmet)
rElec   +          Harm     .    (no cloak)
rCorr   .          Rampage  .    l - +1 pair of gloves
Will    .....      NoCast   +    (no boots)
Stlth   ..........               (no amulet)
HPRegen 0.09/turn                (no ring)
MPRegen 0.09/turn                (no ring)

@: mighty, flying
A: sickness immunity, AC +3, negative energy resistance 1, electricity
resistance, torment resistance 1, petrification resistance
a: no special abilities


You were on level 3 of the Dungeon.
You visited 1 branch of the dungeon, and saw 3 of its levels.

You collected 115 gold pieces.

Inventory:

Hand Weapons
 a - a +0 flail (weapon)
Missiles
 f - 6 atropa-tipped darts
 i - 4 poisoned darts (quivered)
Armour
 b - a +0 scale mail
 c - a +0 buckler
 e - a +0 kite shield (worn)
 l - a +1 pair of gloves (worn)
 p - the +6 scale mail "Weush" (worn) {-Cast Fly rN++ Dex+4}
   (You found it on level 2 of the Dungeon)

   Dex:       It affects your dexterity (+4).
   rN:        It greatly protects you from negative energy.
   Fly:       It grants you flight.
   -Cast:     It prevents spellcasting.
Scrolls
 g - a scroll of vulnerability {unknown}
 h - 2 scrolls of amnesia {unknown}
 m - a scroll of immolation {unknown}
 n - a scroll of identify {unknown}
 o - a scroll of teleportation {unknown}
Potions
 j - a potion of resistance {unknown}
 k - 2 potions of curing {unknown}


   Skills:
 * Level 4.2 Fighting
 * Level 2.9 Maces & Flails
 + Level 3.6 Armour
 + Level 3.7 Shields


You had 3 spell levels left.
You didn't know any spells.
Your spell library was empty.

Dungeon Overview and Level Annotations

Branches:
Dungeon (3/15)

Altars:

Annotations:
D:3 Sigmund


Innate Abilities, Weirdness & Mutations

You are immune to sickness and miasma.
Your stone body is resilient. (AC +3)
You are immune to poison.
You resist negative energy. (rN+)
You are resistant to electric shocks. (rElec)
You are resistant to unholy torment.
You are immune to petrification.


Message History

You see here a +0 robe.
Sigmund the Dreaded comes into view.
He is wielding a +0 scythe.
Sigmund casts a spell at you. You block the puff of flame.
You hit Sigmund but do no damage. Sigmund gestures at you while chanting.
You are confused.
Sigmund misses you.
You bump into the rock wall.
Sigmund closely misses you. Sigmund says, "I'm your fate."
Sigmund casts a spell.
Sigmund flickers and vanishes!
Deactivating autopickup; reactivate with Ctrl-A.
You miss something. Something hits you but does no damage.
You feel less confused. Something hits you but does no damage.
You barely miss something. Something hits you.
You miss something. Something hits you but does no damage.
You miss something. Something hits you but does no damage.
You barely miss something. Something hits you!
You miss something. Something hits you.
* * * LOW HITPOINT WARNING * * *
You sock something! Something hits you but does no damage.
You closely miss something. Something hits you but does no damage.
You miss something. Something hits you but does no damage.
You miss something. You block something's attack.
You sock something! Something hits you but does no damage.
You barely miss something. Something hits you but does no damage.
You barely miss something.
You hear some strange, mumbled words.
A magic dart appears from out of thin air!
The magic dart hits you.
* * * LOW HITPOINT WARNING * * *
You feel very mighty all of a sudden. Something hits you!
* * * LOW HITPOINT WARNING * * *
You barely miss something. Something completely misses you.
You sock something! Something hits you but does no damage.
You closely miss something. Something hits you!
You die...

..+ #.#.. #.#.. #
#.#.# ## #. #.#.#
....#.##/#.#####
#.......#......
#@..#
##..###{..##
...........#
#########..######
.............#
#######...##.#
#.#[##.# #....#.#
##...#.#


There were no monsters in sight!

Vanquished Creatures
  2 adders (D:2)
  2 dart slugs
  A worm (D:2)
  3 ball pythons (D:1)
  3 endoplasms
  3 giant cockroaches
  3 goblins
  4 hobgoblins
  2 jackals (D:1)
  7 kobolds
  A quokka (D:1)
  4 bats
  5 frilled lizards
  6 rats
46 creatures vanquished.

Vanquished Creatures (others)
  A ball python (D:2)
1 creature vanquished.

Grand Total: 47 creatures vanquished

Notes
Turn   | Place    | Note
-------+----------+-------------------------------------------
     0 | D:1      | Decritt the Gargoyle Fighter began the quest for the Orb.
     0 | D:1      | Reached XP level 1. HP: 14/14 MP: 1/1
   178 | D:1      | You fall into a shaft and drop 1 floor!
   271 | D:2      | Reached XP level 2. HP: 19/19 MP: 2/2
   362 | D:2      | Reached XP level 3. HP: 5/24 MP: 3/3
  1147 | D:1      | Reached skill level 4 in Fighting
  1309 | D:1      | Reached XP level 4. HP: 27/29 MP: 4/4
  1898 | D:2      | Identified the +6 scale mail "Weush" {-Cast Fly rN++ Dex+4}
  2477 | D:3      | Noticed Sigmund
  2505 | D:3      | Slain by Sigmund

Illustrated notes

Levels and vault maps discovered:
D:1:      dpeg_arrival_refuge, layout_loops_ring
D:2:      minmay_skewed_foursquare, layout_loops_ring
D:3:      layout_basic, lemuel_doored_altar,
          mainiacjoe_overflow_surrounded_room, minmay_ogre_servants,
          uniq_sigmund, uniq_robin, uniq_terence

Skill      XL: |  1  2  3 |
---------------+----------+-----
Fighting       | 4 |  4.2
Maces & Flails | |  2.9
Armour         | |  3.6
Shields        | |  3.7

Action                   |  1- 3 |  4- 6 || total
-------------------------+-------+-------++-------
Melee: Flail             |   117 |    66 ||   183
Throw: Dart              |    15 |     8 ||    23
  Use: Potion            |       |     1 ||     1
 Stab: Invisible         |     1 |       ||     1
Armor: Scale mail        |    89 |    37 ||   126
Dodge: Dodged            |    39 |    22 ||    61
Block: Kite shield       |    75 |    27 ||   102

Table legend: (Time is in decaauts)
 A = Elapsed time spent in this place.
 B = Non-inter-level travel time spent in this place.
 C = Inter-level travel time spent in this place.
 D = Time resting spent in this place.
 E = Time spent auto-exploring this place.
 F = Levels seen in this place.
 G = Mean time per level.
                   A        B        C        D        E       F      G
               +--------+--------+--------+--------+--------+-----+--------+
         Total |   2589 |   2514 |     75 |    435 |   1570 |   3 |  863.0 |
       Dungeon |   2589 |   2514 |     75 |    435 |   1570 |   3 |  863.0 |
               +--------+--------+--------+--------+--------+-----+--------+

Top non-repeatable levels by time:
     D:2: 1435 daAuts
     D:1: 978 daAuts
     D:3: 174 daAuts
